cohdb
Replays
Latest Replays
All Replays
Popular Replays
Top Player Replays
Match Explorer
How It Works
Community
CoH3 Stats
Reddit
Sign in to upload your games and track your stats! →
Sign in with Steam
Match 41106175
Unlisted
Match 41106175
Overview
Messages
Build Orders
End
Panzerpioneer Squad
Panzerpioneer Squad
Selects Panzerjäger Kommand Battlegroup
Selects Mine Fields
Panzerpioneer Squad
Construct Light Support Kompanie
Selects GrB 39 Grenade Launcher Requisition
250 Light Carrier
250 Light Carrier
2.5-tonne Medical Truck
Fire Support Elements
Vehicle Survival Package
Panzerjäger Mechanized Group
Construct Panzerarmee Kommand
Panzer III L Medium Tank
Selects Defensive Positions
Selects Butterfly Bomb Drop
Forward Retreat Point
Walking Stuka Rocket Launcher
Butterfly Bomb Drop
Panzer III L Medium Tank
Armored Reserves
Selects Crew Shock Tactics
Butterfly Bomb Drop
Panzer IV Assault Group
Selects Anti-tank Overwatch
UH|dun! ツ
iceman
Macfly2001
Cinder
TheKat
Josenel
0
0
Comments
sign in to comment!
No comments posted yet!